 Dungeon Crawl Stone Soup version 0.29-a0-9-g022ca4c890 (webtiles) character file.

Game seed: 4775054791956282034

266 MacCMillion the Skirmisher (level 6, -9/56 HPs)
             Began as a Minotaur Abyssal Knight on Jan 28, 2022.
             Was a Believer of Lugonu.
             Mangled by an orc warrior (16 damage)
             ... on level 4 of the Dungeon.
             The game lasted 00:06:46 (3979 turns).

MacCMillion the Skirmisher (MiAK)                   Turns: 3979, Time: 00:06:47

Health: -9/56      AC:  5    Str: 20    XL:     6   Next: 0%
Magic:  6/6        EV: 11    Int:  7    God:    Lugonu [**....]
Gold:   115        SH:  0    Dex: 10    Spells: 5/5 levels left

rFire   . . .      SeeInvis .   a - +1 hand axe
rCold   . . .      Faith    .   (no shield)
rNeg    . . .      Spirit   .   d - +0 ring mail
rPois   .          Reflect  .   (helmet restricted)
rElec   .          Harm     .   (no cloak)
rCorr   .          Rampage  .   (no gloves)
Will    .....                   (no boots)
Stlth   ..........              (no amulet)
HPRegen 0.18/turn               (no ring)
MPRegen 0.10/turn               (no ring)

@: no status effects
A: horns 2, retaliatory headbutt
a: Renounce Religion, Depart the Abyss, Bend Space


You were on level 4 of the Dungeon.
You worshipped Lugonu.
Lugonu was pleased with you.
You visited 1 branch of the dungeon, and saw 4 of its levels.
You visited the Abyss 1 time.

You collected 115 gold pieces.

Inventory:

Hand Weapons
 a - a +1 hand axe (weapon)
Armour
 d - a +0 ring mail (worn)
Jewellery
 c - a ring of fire
 h - a ring of fire
 n - a ring of protection from fire
Scrolls
 b - a scroll of magic mapping {unknown}
 e - 2 scrolls of identify {unknown}
 f - a scroll of enchant weapon {unknown}
 g - a scroll of noise {unknown}
 j - 2 scrolls of teleportation {unknown}
 l - 2 scrolls of enchant armour {unknown}
 m - 2 scrolls of fog {unknown}
 r - a scroll of vulnerability {unknown}
Potions
 i - 2 potions of heal wounds {unknown}
 k - a potion of degeneration {unknown}
 o - a potion of curing {unknown}
 p - a potion of might {unknown}
 q - a potion of mutation {unknown}
 s - a potion of brilliance {unknown}


   Skills:
 + Level 5.0 Fighting
 + Level 4.2 Axes
 + Level 4.3 Armour
 + Level 3.2 Dodging
 + Level 2.1 Invocations


You had 5 spell levels left.
You didn't know any spells.
Your spell library contained the following spells:

 Spells                   Type           Power      Damage    Failure   Level
 Pain                     Necr           0%         1d4       58%         1
 Call Canine Familiar     Summ           0%         N/A       92%         3
 Portal Projectile        Hex/Tloc       0%         N/A       92%         3
 Leda's Liquefaction      Hex/Erth       0%         N/A       100%        4
 Agony                    Necr           0%         N/A       100%        5
 Excruciating Wounds      Necr           0%         N/A       100%        5


Dungeon Overview and Level Annotations

Branches:
Dungeon (4/15)
 Temple: D:4-7

Altars:


Innate Abilities, Weirdness & Mutations

You have a pair of horns on your head.
You reflexively headbutt those who attack you in melee.


Message History

You hit the centaur skeleton.
The centaur skeleton hits you but does no damage.
The centaur skeleton kicks you but does no damage.
The centaur skeleton hits you but does no damage.
The centaur skeleton kicks you but does no damage.
The orc warrior hits you with a +0 war axe!
An orc priest comes into view.
It is wielding a +0 hand axe and carrying a wand of paralysis (8).
The centaur skeleton hits you but does no damage.
The centaur skeleton kicks you.
Found a stone staircase leading down.
The orc priest shouts!
You hear an angry hiss.
The centaur skeleton hits you but does no damage.
The centaur skeleton kicks you but does no damage.
The orc priest invokes the aid of Beogh against you.
Beogh smites you!
* * * LOW HITPOINT WARNING * * *
Space bends around you!
You blink.
There is an open door here.
You hear some strange, mumbled words.
You are confused.
You are too confused!
You bump into the rock wall.
You feel less confused.
A magic dart appears from out of thin air!
The magic dart hits you.
* * * LOW HITPOINT WARNING * * *
You are confused.
An orc wizard appears from thin air!
Reactivating autopickup.
You bump into the rock wall.
The orc wizard hits you with a +0 flail.
* * * LOW HITPOINT WARNING * * *
Unknown command.
You bump into the rock wall.
You bump into the rock wall.
You bump into the rock wall.
You feel less confused.
The orc warrior hits you with a +0 war axe!
You die...

##.# #.### ##..(..# # ##..#
#.#.## ##.......
####..o##########....####........
'.........Zo....o.......+........
####...#########Z#...####........
# ##..# #.##.## ##....... #.....
#o#### ##...<.# #.#.### #o#
##...## #.#)# #@# ##+## #.#.. #.#
#.# #.###. #.############.#
#^.............##
######.###.##...## #.# #.#.....#
###### #.# #.##...## ...... #.#
#.###.### ###### #.# #.###.##.


You could see an orc warrior, an orc priest, an orc wizard and a centaur
skeleton.

Vanquished Creatures
  A wyvern skeleton (D:3)
  An iguana (D:4)
  5 gnolls
  4 adders
  An ufetubus (D:4)
  3 worms
  3 dart slugs
  An orc (D:3)
  5 ball pythons
  6 bats
  6 endoplasms
  3 giant cockroaches
  10 goblins
  6 hobgoblins
  7 jackals
  4 quokkas (D:3)
  3 frilled lizards
  8 kobolds
  4 rats
81 creatures vanquished.

Notes
Turn   | Place    | Note
-------+----------+-------------------------------------------
     0 | Abyss:1  | MacCMillion the Minotaur Abyssal Knight began the quest for
                  | the Orb.
     0 | Abyss:1  | Reached XP level 1. HP: 19/19 MP: 1/1
    68 | Abyss:1  | Noticed a spatial vortex
    68 | Abyss:1  | Noticed a spatial vortex
    69 | D:1      | Escaped the Abyss
   107 | D:1      | Found a faded altar of an unknown god.
   193 | D:1      | Reached * piety under Lugonu
   259 | D:1      | Reached XP level 2. HP: 27/27 MP: 2/2
   585 | D:1      | Reached skill level 4 in Fighting
   704 | D:2      | Reached XP level 3. HP: 32/33 MP: 3/3
  1029 | D:2      | Reached XP level 4. HP: 40/40 MP: 4/4
  1642 | D:2      | Reached ** piety under Lugonu
  2347 | D:3      | Reached XP level 5. HP: 35/47 MP: 5/5
  3154 | D:3      | Reached skill level 5 in Fighting
  3911 | D:4      | Reached XP level 6. HP: 56/56 MP: 6/6
  3939 | D:4      | Noticed an orc warrior
  3979 | D:4      | Mangled by an orc warrior

Illustrated notes

Levels and vault maps discovered:
D:1:      nzn_arrival_water_spiral, layout_rooms, basic_ecumenical_altar
D:2:      layout_basic, chequers_avenue, cheibrodos_gnoll_hut
D:3:      minmay_bubble_buster, layout_basic, minmay_fractal_squares_5
D:4:      layout_loops_corners, minmay_divided_ellipse

Skill      XL: |  1  2  3  4  5 |
---------------+----------------+-----
Invocations    | 2 |  2.1
Fighting       | 4 5 |  5.0
Axes           | 3 4 |  4.2
Armour         | 3 4 |  4.3
Dodging        | 2 3 |  3.2

Action                   |  1- 3 |  4- 6 || total
-------------------------+-------+-------++-------
Melee: Hand axe          |    74 |   108 ||   182
       Headbutt          |     9 |    21 ||    30
       Punch             |       |     1 ||     1
Invok: Depart the Abyss  |     1 |       ||     1
       Bend Space        |       |     1 ||     1
Armor: Ring mail         |    20 |    41 ||    61
       Leather armour    |     1 |       ||     1
Dodge: Dodged            |    49 |    64 ||   113

Table legend: (Time is in decaauts)
 A = Elapsed time spent in this place.
 B = Non-inter-level travel time spent in this place.
 C = Inter-level travel time spent in this place.
 D = Time resting spent in this place.
 E = Time spent auto-exploring this place.
 F = Levels seen in this place.
 G = Mean time per level.
                   A        B        C        D        E       F      G
               +--------+--------+--------+--------+--------+-----+--------+
         Total |   4007 |   3944 |     63 |    644 |   2644 |   5 |  801.4 |
       Dungeon |   3938 |   3875 |     63 |    644 |   2603 |   4 |  984.5 |
         Abyss |     69 |     69 |      0 |      0 |     41 |   1 |   69.0 |
               +--------+--------+--------+--------+--------+-----+--------+

Top non-repeatable levels by time:
     D:3: 1315 daAuts
     D:2: 1077 daAuts
     D:1: 811 daAuts
     D:4: 733 daAuts
 Abyss:1: 69 daAuts
